 Dungeon Crawl Stone Soup version 0.18-a0-1797-gc18daef (webtiles) character file.

3168 epen the Insei (level 9, 0/73 HPs)
             Began as a Pale Draconian Transmuter on Apr 22, 2016.
             Was a Follower of Makhleb.
             Killed by vampiric draining
             ... invoked by a vampire
              (8 damage)
             ... on level 9 of the Dungeon.
             The game lasted 00:19:56 (10051 turns).

epen the Insei (Pale Draconian Transmuter)         Turns: 10051, Time: 00:19:57

Health: 0/73       AC:  2    Str: 13    XL:     9   Next: 63%
Magic:  12/12      EV: 33    Int: 14    God:    Makhleb [*.....]
Gold:   574        SH:  0    Dex: 24    Spells: 3 memorised, 6 levels left

rFire  + . .     SeeInvis .       - Unarmed
rCold  + . .     Gourm    .     (armour unavailable)
rNeg   . . .     Faith    .     (shield currently unavailable)
rPois  .         Spirit   .     (helmet currently unavailable)
rElec  +         Dismiss  .     (cloak currently unavailable)
rCorr  +         Reflect  .     (gloves currently unavailable)
SustAt .         Harm     .     (boots currently unavailable)
MR     .....                    y - amulet of magic regeneration
Stlth  +++.......               (no ring)
                                (no ring)

@: agile, spider-form (expiring), resistant, not resistant to hostile
enchantments, fairly stealthy
A: (breathe steam), unfitting armour, (cold-blooded), AC +7
a: End Transformation, Renounce Religion


You were on level 9 of the Dungeon.
You worshipped Makhleb.
Makhleb was aware of your devotion.
You were very hungry.
You were a venomous arachnid creature.
You visited 2 branches of the dungeon, and saw 10 of its levels.

You collected 574 gold pieces.

Inventory:

Hand Weapons
 q - the +1 long sword "Ylas" {slice, rElec rC+ MR+}
   (You found it on level 4 of the Dungeon)

   It inflicts extra damage upon your enemies.
   It protects you from cold.
   It insulates you from electricity.
   It affects your resistance to hostile enchantments.
 E - the +2 rapier of Zin's Whim {freeze, Str+4}
   (You found it on level 5 of the Dungeon)

   It has been specially enchanted to freeze those struck by it, causing extra
   injury to most foes and up to half again as much damage against particularly
   susceptible opponents.
   It can also slow down cold-blooded creatures.
   It affects your strength (+4).
Missiles
 a - 142 arrows
Armour
 g - a +0 pair of boots (melded)
 j - a +1 cloak (melded)
 p - a +0 buckler (melded)
 D - a +0 pair of gloves (melded)
Jewellery
 y - an amulet of magic regeneration (around neck)
Wands
 f - a wand of slowing (5/48)
 s - a wand of iceblast (10/15)
 x - a wand of disintegration (10/24)
Scrolls
 h - 2 scrolls of blinking
 m - a scroll of magic mapping
 o - a scroll of amnesia
 t - 2 scrolls of fog
 u - a scroll of immolation
 w - 2 scrolls of teleportation
Potions
 e - 2 potions of brilliance
 i - 4 potions of resistance
 l - 4 potions of curing
 n - a potion of agility
 r - 2 potions of cancellation
 z - a potion of cure mutation
 A - 2 potions of lignification
 B - a potion of mutation {unknown}
 C - a potion of flight {unknown}
 F - 2 potions of magic {unknown}
 G - a potion of might
Books
 b - a book of Changes

   Spells                             Type                      Level
   a - Beastly Appendage              Transmutation                1
   b - Sticks to Snakes               Transmutation                2
   c - Spider Form                    Transmutation/Poison         3
   d - Ice Form                       Ice/Transmutation            4
   e - Blade Hands                    Transmutation                5
Comestibles
 c - 7 bread rations
 k - 7 meat rations
 v - 3 chunks of flesh


   Skills:
 + Level 4.9 Fighting
 * Level 6.6 Dodging
 + Level 1.0 Shields
 * Level 7.4 Unarmed Combat
 - Level 2.0 Spellcasting
 * Level 7.1 Transmutations
 * Level 4.9 Invocations


You had 6 spell levels left.
You knew the following spells:

 Your Spells              Type           Power        Failure   Level  Hunger
a - Beastly Appendage     Trmt           ###...       6%          1    ##.....
b - Sticks to Snakes      Trmt           ###.....     8%          2    ###....
c - Spider Form           Trmt/Pois      ##........   36%         3    ####...


Dungeon Overview and Level Annotations

Branches:
Dungeon (9/15)             Temple (1/1) D:5
   Lair: D:8-11         Orc: D:9-12

Altars:
Ashenzari
Cheibriados
Dithmenos
Elyvilon
Makhleb
Nemelex Xobeh
Okawaru
Pakellas
Qazlal
Ru
Sif Muna
Trog
Vehumet
Xom
Zin
The Shining One


Innate Abilities, Weirdness & Mutations

((You can breathe blasts of scalding, opaque steam.))
((Your pale cyan-grey scales are hard (AC +7).))
Your body does not fit into most forms of armour.
((You are cold-blooded and may be slowed by cold attacks.))


Message History

You hit the vampire but do no damage.
The vampire is moderately damaged.
The vampire completely misses you. x2
You hit the vampire but do no damage.
The vampire is moderately damaged.
The vampire completely misses you. x2
You hit the vampire.
The vampire is heavily damaged.
The vampire points at you and mumbles some strange words.
You resist with some effort.
You hit the vampire but do no damage.
The vampire is heavily damaged.
The vampire misses you. The vampire completely misses you.
You hit the vampire.
The vampire is heavily damaged.
The vampire mumbles some strange words.
The vampire flickers and vanishes!
Deactivating autopickup; reactivate with Ctrl-A.
You barely miss something.
Unholy energy fills the air.
You die...

#######.##.#
#......[##.#
#.########.#
#.#......#.#
#.#....#.#.#
#.#....#.#.#
#.##...#.#.#
#{##...#.#.####
#s##...#.#....#
#.##...#.####.#
#......#.# #.#
######.)#†# #.#
#......[#.####.##
#.###..)........#
#...#.#######
#...#.# #...#.#.#


There were no monsters in sight!

Vanquished Creatures
  Maurice (D:8)
  A two-headed ogre (D:8)
  A spriggan (D:7)
  Menkaure (D:5)
  Edmund (D:6)
  2 orc warriors
  2 sky beasts
  A phantom (D:5)
  An eye of draining (D:6)
  3 ogres
  A centaur (D:8)
  The ghost of ilikecats the Conjurer, an amateur HECj (D:3)
  2 giant frogs (D:6)
  A water moccasin zombie (D:5)
  2 scorpions
  A water moccasin skeleton (D:8)
  3 crimson imps
  A wasp zombie (D:7)
  2 hounds
  5 orc priests
  An iguana (D:7)
  4 orc wizards
  6 worker ants
  The ghost of 4thArraOfDagon the Firebug, a weakling DEFE (D:4)
  A hound skeleton (D:9)
  A howler monkey zombie (D:5)
  14 adders
  2 shadow imps (D:7)
  An ooze (D:3)
  An adder skeleton (D:4)
  2 worms (D:2)
  2 dart slugs
  2 giant geckos
  20 orcs
  3 ball pythons
  4 giant cockroaches
  10 goblins
  11 hobgoblins
  10 jackals
  9 kobolds
  8 quokkas
  8 bats
  A giant cockroach zombie (D:5)
  A giant gecko zombie (D:8)
  4 giant newts
  A jackal skeleton (D:4)
  A quokka skeleton (D:4)
  6 rats
168 creatures vanquished.

Vanquished Creatures (collateral kills)
  An orc priest (D:3)
  An orc (D:3)
2 creatures vanquished.

Vanquished Creatures (others)
  A bat (D:1)
1 creature vanquished.

Grand Total: 171 creatures vanquished

Notes
Turn   | Place    | Note
--------------------------------------------------------------
     0 | D:1      | epen the Draconian Transmuter began the quest for the Orb.
     0 | D:1      | Reached XP level 1. HP: 16/16 MP: 3/3
   166 | D:1      | Reached XP level 2. HP: 10/23 MP: 5/5
   951 | D:1      | Reached XP level 3. HP: 28/28 MP: 6/6
  1169 | D:2      | Learned a level 2 spell: Sticks to Snakes
  1173 | D:2      | Learned a level 3 spell: Spider Form
  1466 | D:2      | Reached XP level 4. HP: 26/35 MP: 5/7
  1788 | D:2      | Found a glowing silver altar of Zin.
  1844 | D:3      | Noticed ilikecats's ghost (amateur HECj)
  2354 | D:2      | Reached XP level 5. HP: 35/40 MP: 8/8
  2404 | D:3      | Found a stormy altar of Qazlal.
  3231 | D:3      | Killed ilikecats's ghost
  3231 | D:3      | Reached XP level 6. HP: 6/48 MP: 4/9
  4373 | D:4      | Got a steaming long sword
  4374 | D:4      | Identified the +1 long sword "Ylas" {slice, rElec rC+ MR+} (You found it on level 4 of the Dungeon)
  4378 | D:4      | Noticed 4thArraOfDagon's ghost (weakling DEFE)
  4394 | D:4      | Killed 4thArraOfDagon's ghost
  4985 | D:4      | You fall through a shaft for 3 floors!
  5104 | D:6      | Reached skill level 5 in Unarmed Combat
  5213 | D:6      | Noticed Edmund
  5241 | D:6      | Killed Edmund
  5241 | D:6      | Your scales start taking on a pale cyan-grey colour.
  5241 | D:6      | Reached XP level 7. HP: 56/56 MP: 10/10
  5433 | D:6      | Reached skill level 5 in Transmutations
  5443 | D:6      | Gained mutation: Your magical capacity is low (-10% MP). [mutagenic meat]
  5758 | D:5      | Entered Level 5 of the Dungeon
  5802 | D:5      | Reached XP level 8. HP: 63/63 MP: 9/9
  5862 | D:5      | Noticed Menkaure
  5866 | D:5      | Killed Menkaure
  5866 | D:5      | Reached skill level 5 in Dodging
  6041 | D:5      | Got a dazzling rapier
  6049 | D:5      | Identified the +2 rapier of Zin's Whim {freeze, Str+4} (You found it on level 5 of the Dungeon)
  6332 | D:5      | Found a staircase to the Ecumenical Temple.
  6343 | Temple   | Entered the Ecumenical Temple
  6591 | Temple   | Became a worshipper of Makhleb the Destroyer
  6993 | D:5      | Reached skill level 1 in Invocations
  7913 | D:7      | Found a shadowy altar of Dithmenos.
  8518 | D:8      | Reached * piety under Makhleb
  8534 | D:7      | Reached XP level 9. HP: 55/71 MP: 10/10
  8638 | D:8      | Noticed Maurice
  8650 | D:8      | Paralysed by something for 4 turns
  8658 | D:8      | Paralysed by something for 4 turns
  8871 | D:8      | Killed Maurice
  9503 | D:8      | Found a white marble altar of Elyvilon.
  9543 | D:8      | Lost mutation: Your magical capacity is low (-10% MP). [potion of cure mutation]
  9863 | D:9      | Reached skill level 1 in Shields
 10051 | D:9      | Killed from afar by a vampire

Vault maps used:
D:1:      lemuel_arrival_behind_the_door_large
D:2:      zin_statuary, nicolae_overflow_hidden_temple, first_bread
D:3:      nicolae_qazlal_general_emergency
D:4:      supply_closet_lemuel
D:5:      minmay_temple_entry_nine_rooms, saegor_snake_ambush, uniq_menkaure
D:6:      uniq_edmund
D:7:      grunt_temple_overflow_growth_and_decay, grunt_dithmenos_smoke,
          the_bakery
D:8:      nicolae_overflow_crystal_walls, uniq_maurice
D:9:      orc_0_dummy, basic_altar
Temple:   dpeg_five_rooms_temple_12

Skill      XL: |  1  2  3  4  5  6  7  8  9 |
---------------+----------------------------+-----
Dodging        | 2 3 4 6 |  6.6
Unarmed Combat | 4 5 6 7 |  7.4
Transmutations | 3 4 5 6 7 |  7.1
Fighting       | 2 3 4 |  4.9
Invocations    | 3 4 |  4.9
Shields        | 1 |  1.0
Spellcasting   | |  2.0

Action                   |  1- 3 |  4- 6 |  7- 9 || total
-------------------------+-------+-------+-------++-------
Melee: Unarmed           |   143 |   310 |   341 ||   794
       Tailslap          |    10 |    32 |    41 ||    83
       Punch             |     4 |     2 |     4 ||    10
       Headbutt          |     2 |     3 |       ||     5
       Kick              |     1 |     3 |       ||     4
 Cast: Beastly Appendage |     3 |     3 |       ||     6
       Sticks to Snakes  |       |     4 |       ||     4
       Spider Form       |       |     4 |     1 ||     5
 Abil: Breathe Steam     |       |       |    28 ||    28
  Use: Scroll            |       |     8 |    10 ||    18
       Potion            |       |     2 |     5 ||     7
 Stab: Sleeping          |       |     2 |     2 ||     4
       Distracted        |       |       |     1 ||     1
  Eat: Chunk             |     2 |    14 |    12 ||    28
       Meat ration       |       |       |     1 ||     1
       Pizza             |       |       |     1 ||     1
Armor: Skin              |    53 |    90 |    83 ||   226
Dodge: Dodged            |   107 |   205 |   205 ||   517
Block: Buckler           |       |       |    10 ||    10
